 Dungeon Crawl Stone Soup version 0.20-a0-1116-gaa52201 (console) character file.

128 nht the Digger (level 4, 0/30 HPs)
             Began as a Vampire Earth Elementalist on May 7, 2017.
             Was an Initiate of Ru.
             Slain by a hound skeleton (2 damage)
             ... on level 4 of the Dungeon.
             The game lasted 00:04:25 (2140 turns).

nht the Digger (Vampire Earth Elementalist)         Turns: 2140, Time: 00:04:25

Health: 0/30       AC:  2    Str:  6 (7)  XL:     4   Next: 86%
Magic:  0/7        EV: 12    Int: 22 (23) God:    Ru [......]
Gold:   75         SH:  0    Dex: 11 (14) Spells: 6/7 levels left

rFire    . . .     SeeInvis +   (no weapon)
rCold    . . .     Gourm    .   (no shield)
rNeg     . . .     Faith    .   c - +0 robe
rPois    .         Spirit   +   (no helmet)
rElec    .         Reflect  .   (no cloak)
rCorr    .         Harm     .   (no gloves)
MR       .....     Clarity  +   (no boots)
Stlth    +.........             d - amulet of guardian spirit
Regen    0.3/turn               g - ring of loudness (curse)
MPRegen  0.1/turn               (no ring)

@: brilliant, regenerating quickly
A: fangs 3, talons 1, see invisible, clarity, unbreathing, evolution 1
a: Renounce Religion


You were on level 4 of the Dungeon.
You worshipped Ru.
Ru was noncommittal.
You were very full.

You visited 1 branch of the dungeon, and saw 4 of its levels.

You collected 75 gold pieces.

Inventory:

Missiles
 b - 39 stones (quivered)
Armour
 c - a +0 robe (worn)
Jewellery
 d - an amulet of guardian spirit (around neck)
 g - a cursed ring of loudness (left hand)
Scrolls
 a - a scroll of fog
Potions
 f - 11 potions of blood
Books
 e - a book of Geomancy

   Spells                             Type                      Level
   a - Sandblast                      Earth                        1
   b - Passwall                       Transmutation/Earth          2
   c - Stone Arrow                    Conjuration/Earth            3
   d - Petrify                        Transmutation/Earth          4
   e - Lee's Rapid Deconstruction     Earth                        5


   Skills:
 - Level 2.1 Dodging
 - Level 3.0 Stealth
 - Level 2.0 Spellcasting
   Level 1.1 Transmutations
 + Level 5.6 Earth Magic


You had 6 spell levels left.
You knew the following spells:

 Your Spells              Type           Power        Failure   Level  Hunger
a - Sandblast             Erth           #####.       1%          1    #......


Dungeon Overview and Level Annotations

Branches:
Dungeon (4/15)
 Temple: D:4-7

Altars:
Ru

Shops:
D:4 (

Annotations:
D:3 grindst0ne's ghost, amateur DsGl


Innate Abilities, Weirdness & Mutations

Your natural rate of healing is unusually fast.
You have razor-sharp teeth.
You have supernaturally acute eyesight. (SInv)
You can survive without breathing.
You have sharp toenails.
You possess an exceptional clarity of mind.
You evolve.


Message History

The jackal misses you. The giant cockroach bites you.
* * * LOW HITPOINT WARNING * * *
The hound closely misses you.
The ooze jiggles.
Okay, then.
The hound skeleton bites you.
* * * LOW HITPOINT WARNING * * *
The giant cockroach misses you. The hound skeleton barely misses you.
The giant cockroach waves its antennae.
The hound skeleton misses you. The giant cockroach bites you.
* * * LOW HITPOINT WARNING * * *
The hound skeleton closely misses you. The giant cockroach bites you.
* * * LOW HITPOINT WARNING * * *
You hit the jackal but do no damage. You bite the jackal.
The jackal is moderately wounded.
The hound bites you.
* * * LOW HITPOINT WARNING * * *
The hound skeleton bites you.
You die... ██████

█....█ █....█
█....█ ██
█....████████████.
█hZ...............
█@sJ∩████████████$
█.h..█ █. █....█
█. ████.█ █. █.█
... █). ███. ███.
.. .. ...


You could see a hound, an ooze, a jackal, a giant cockroach and a hound
skeleton.

Vanquished Creatures
  An orc wizard (D:2)
  A gnoll (D:3)
  3 adders (D:2)
  A worm (D:2)
  A leopard gecko (D:3)
  4 orcs (D:3)
  6 bats
  4 giant cockroaches
  4 goblins
  5 hobgoblins
  4 jackals (D:3)
  5 kobolds
  A ball python (D:2)
  8 frilled lizards
  5 rats (D:2)
53 creatures vanquished.

Notes
Turn   | Place    | Note
-------+----------+-------------------------------------------
     0 | D:1      | nht the Vampire Earth Elementalist began the quest for the Orb.
     0 | D:1      | Reached XP level 1. HP: 13/13 MP: 3/3
   731 | D:1      | Reached XP level 2. HP: 9/19 MP: 0/5
  1240 | D:2      | Reached skill level 4 in Earth Magic
  1358 | D:2      | Reached XP level 3. HP: 12/24 MP: 0/6
  1475 | D:2      | Found a sacrificial altar of Ru.
  1487 | D:2      | Became a worshipper of Ru the Awakened
  1523 | D:2      | Reached XP level 4. HP: 30/30 MP: 2/7
  1593 | D:2      | Reached skill level 5 in Earth Magic
  1932 | D:3      | Noticed grindst0ne's ghost (amateur DsGl)
  2073 | D:3      | Gained mutation: You possess an exceptional clarity of mind. [potion of mutation]
  2073 | D:3      | Gained mutation: You have sharp toenails. [potion of mutation]
  2073 | D:3      | Gained mutation: You evolve. [potion of mutation]
  2124 | D:4      | Found Fofughaq's Antique Weapon Emporium.
  2140 | D:4      | Slain by a hound skeleton

Vault maps used:
D:1:      elethiomel_arrival_infinity_welcomes_careful_drivers
D:2:      nicolae_ru_great_annihilating_truth, first_bread
D:3:      uniq_grinder
D:4:      marbit_many_paths, minmay_temple_entry_junction_2, serial_shops, shop,
          uniq_purgy

Skill      XL: |  1  2  3  4 |
---------------+-------------+-----
Earth Magic    | 4 5 |  5.6
Dodging        | |  2.1
Stealth        | |  3.0
Spellcasting   | |  2.0
Transmutations | |  1.1

Action                   |  1- 3 |  4- 6 || total
-------------------------+-------+-------++-------
Melee: Unarmed           |    58 |    15 ||    73
       Bite              |     2 |     3 ||     5
 Cast: Sandblast         |    31 |    41 ||    72
  Use: Scroll            |     4 |     1 ||     5
       Potion            |    11 |     8 ||    19
Armor: Robe              |    11 |    11 ||    22
Dodge: Dodged            |    37 |    47 ||    84
